Map: Prion Terraces

Players

MorN

  • Race: Terran Terran
  • League: Master

Apocalypse - Winner!

  • Race: Protoss Protoss
  • League: Master

VOD

Have the link to the VOD?

Description

Time

  • Played on: Dec. 2, 2015, 1:43 p.m.
  • Length: 8:33
Show
View Real Time Build Order
Export as new Build Order

MorN Terran 

Build Orders: Cyclone Opening, MMM Bio 

Get SALT Encoding   

  12  0:01  SCV  
  13  0:13  SCV  
  14  0:17  Supply Depot  
  14  0:25  SCV  
  15  0:41  Barracks  
  15  0:42  SCV  
  16  0:46  Refinery  
  16  0:54  SCV  
  17  1:06  SCV  
  18  1:19  SCV  
  19  1:28  Marine  
  19  1:32  Orbital Command  
  20  1:42  Command Center  
  20  1:52  Factory  
  20  1:54  Marine  
  20  1:59  SCV  
  22  2:07  Supply Depot  
  22  2:11  Marine  
  23  2:28  SCV  
  23  2:29  Marine  
  25  2:37  Factory Tech Lab, Barracks  
  25  2:41  SCV  
  26  2:47  Marine  
  27  2:54  Orbital Command  
  27  2:56  Cyclone  
  30  2:58  SCV  
  31  3:07  Marine  
  31  3:10  SCV  
  33  3:16  Bunker  
  33  3:18  Refinery  
  33  3:21  SCV, Engineering Bay  
  33  3:23  SCV  
  33  3:24  Marine  
  36  3:34  SCV  
  36  3:36  Factory Reactor  
  37  3:42  SCV  
  37  3:46  SCV  
  39  3:49  Command Center  
  39  3:54  SCV  
  40  3:56  Marine  
  40  3:57  Stimpack, Marine  
  40  4:00  SCV  
  43  4:06  SCV, Barracks  
  44  4:12  SCV  
  45  4:20  SCV, Factory Reactor  
  45  4:22  Starport  
  46  4:25  Refinery  
  46  4:29  Supply Depot  
  46  4:35  Barracks Tech Lab  
  46  4:42  Terran Infantry Weapons Level 1  
  46  4:44  Supply Depot  
  46  4:50  SCV x2, Marauder  
  46  4:51  Supply Depot  
  50  4:59  Refinery  
  50  5:01  Combat Shields  
  50  5:02  SCV x2  
  50  5:03  Marine x3  
  50  5:04  Orbital Command  
  55  5:19  Marauder  
  55  5:20  SCV  
  58  5:23  Supply Depot  
  57  5:31  Medivac x2  
  48  5:51  Marine x2  
  48  5:52  Marauder, Marine  
  47  6:10  Marauder  
  41  6:22  Marine x3  
  41  6:25  Factory Reactor, Medivac x2  
  41  6:26  SCV  
  41  6:29  SCV, Barracks  
  41  6:31  Barracks, Marauder  
  48  6:39  Marine  
  47  6:40  Marauder, Marine  
  48  6:52  Marine  
  48  6:55  Medivac  
  48  6:57  Marine  
  48  6:58  Medivac, Marine  
  48  7:00  Supply Depot  
  54  7:02  Marauder  
  54  7:04  Orbital Command  
  56  7:10  Marine  
  56  7:11  SCV x2  
  59  7:17  Barracks Tech Lab  
  59  7:18  Barracks Reactor  
  59  7:23  SCV x2, Marauder  
  59  7:25  Armory, Engineering Bay  
  63  7:33  SCV  
  63  7:35  SCV x2  
  63  7:37  Widow Mine x2  
  66  7:40  Marauder x2  
  72  7:47  SCV  
  64  8:08  Marine x4  
  64  8:09  Marauder  
  70  8:13  Marine  
  70  8:14  Marine  
Show
View Real Time Build Order
Export as new Build Order

Apocalypse Protoss - Winner!

Build Orders: 1 Gate Expand 

Get SALT Encoding   

  12  0:00  Probe (Chrono Boost)  
  13  0:11  Probe (Chrono Boost)  
  14  0:18  Pylon  
  14  0:22  Probe (Chrono Boost)  
  15  0:36  Probe (Chrono Boost)  
  15  0:37  Gateway  
  15  0:40  Assimilator  
  16  0:46  Probe (Chrono Boost)  
  17  0:57  Probe (Chrono Boost)  
  18  1:08  Probe (Chrono Boost)  
  19  1:18  Probe (Chrono Boost)  
  20  1:23  Nexus  
  20  1:29  Probe (Chrono Boost)  
  21  1:39  Probe (Chrono Boost)  
  22  1:40  Cybernetics Core  
  22  1:50  Pylon  
  22  1:52  Probe (Chrono Boost)  
  23  1:56  Assimilator  
  23  2:09  Probe (Chrono Boost)  
  24  2:19  Probe (Chrono Boost)  
  25  2:22  Gateway  
  25  2:23  Gateway  
  25  2:27  Warp Gate  
  27  2:30  Mothership Core (Chrono Boost)  
  27  2:35  Probe (Chrono Boost)  
  28  2:37  Adept  
  30  2:46  Probe (Chrono Boost)  
  30  2:48  Probe (Chrono Boost)  
  32  2:56  Probe (Chrono Boost)  
  33  2:59  Probe (Chrono Boost)  
  36  3:06  Adept (Chrono Boost)  
  36  3:07  Probe  
  36  3:10  Probe  
  36  3:12  Pylon  
  38  3:15  Sentry x2 (Chrono Boost)  
  42  3:20  Probe, Pylon  
  42  3:22  Probe  
  44  3:33  Probe  
  47  3:34  Stalker (Chrono Boost)  
  47  3:35  Probe  
  47  3:38  Stalker (Chrono Boost)  
  47  3:39  Stalker (Chrono Boost)  
  52  3:47  Probe x2, Pylon  
  54  3:59  Probe  
  54  4:00  Probe  
  58  4:04  Stalker (Chrono Boost), Robotics Facility  
  58  4:11  Probe, Assimilator  
  58  4:12  Probe  
  58  4:13  Assimilator  
  60  4:23  Probe  
  60  4:24  Probe  
  62  4:25  Pylon  
  62  4:30  Adept x2  
  66  4:35  Probe  
  66  4:36  Probe  
  68  4:46  Forge  
  68  4:47  Probe  
  68  4:48  Stalker x2  
  68  4:49  Stalker  
  75  4:53  Probe  
  75  4:54  Observer (Chrono Boost)  
  75  4:59  Probe  
  78  5:09  Pylon  
  78  5:12  Pylon  
  78  5:16  Pylon  
  78  5:19  Protoss Ground Armor Level 1 (Chrono Boost)  
  78  5:22  Warp Prism  
  78  5:27  Probe  
  81  5:31  Probe  
  74  5:46  Probe  
  73  5:50  Stalker x3  
  73  5:53  Gateway  
  73  5:56  Gateway  
  77  6:00  Gateway  
  77  6:02  Probe  
  76  6:09  Probe  
  71  6:14  Probe  
  70  6:22  Immortal  
  70  6:23  Nexus  
  70  6:24  Probe  
  70  6:25  Pylon  
  70  6:26  Stalker x2, Probe  
  79  6:37  Probe  
  79  6:38  Probe  
  79  6:41  Stalker  
  79  6:44  Twilight Council  
  79  6:53  Probe  
  78  6:58  Immortal  
  78  7:01  Adept x3  
  76  7:07  Probe x2  
  86  7:13  Adept  
  88  7:19  Probe x2  
  90  7:25  Adept x3  
  90  7:26  Adept  
  90  7:29  Stalker  
  100  7:31  Probe  
  100  7:32  Probe, Immortal  
  100  7:35  Assimilator  
  100  7:36  Probe  
  102  7:37  Assimilator  
  105  7:51  Stalker x2  
  105  7:52  Adept x4  
  105  7:57  Probe x2  
  117  8:13  Stalker x4  
Tags
 
Add a new tag
Caveats
  • Supply blocks, unpowered buildings, or Contaminate may cause inaccurate times.
  • Supply counts are checked every 10 seconds.